 Dungeon Crawl Stone Soup version 0.27.0-1-g7a089689b8 (webtiles) character file.

Game seed: 11273433633998884786

7333 sasquatch the Brawler (level 10, -6/88 HPs)
             Began as a Troll Monk on Aug 7, 2021.
             Was a Follower of Uskayaw.
             Mangled by a spriggan (13 damage)
             ... on level 9 of the Dungeon.
             The game lasted 00:11:35 (7637 turns).

sasquatch the Brawler (Troll Monk)                  Turns: 7637, Time: 00:11:35

Health: -6/88      AC:  7    Str: 24    XL:     10   Next: 90%
Magic:  9/9        EV: 10    Int:  6    God:    Uskayaw [*.....]
Gold:   516        SH:  0    Dex: 12    Spells: 9/9 levels left

rFire    . . .     SeeInvis .     - Unarmed
rCold    . . .     Faith    .   (no shield)
rNeg     + . .     Spirit   .   E - +2 robe {Will+}
rPois    .         Reflect  .   (helmet restricted)
rElec    .         Harm     .   s - +0 cloak
rCorr    +         Rampage  .   (gloves unavailable)
Will     +....                  (boots unavailable)
Stlth    ++........             b - amulet of the acrobat
HPRegen  1.24/turn              q - ring of resist corrosion
MPRegen  0.11/turn              m - ring of positive energy

@: no status effects
A: large, unfitting armour, claws 3, regeneration 1, shaggy fur 1, tough skin 1
a: Renounce Religion, Stomp


You were on level 9 of the Dungeon.
You worshipped Uskayaw.
Uskayaw was noncommittal.
You visited 2 branches of the dungeon, and saw 10 of its levels.

You collected 516 gold pieces.

Inventory:

Hand Weapons
 v - a +1 dagger of pain
 z - the +5 dagger of Naoneyco {vorpal, Fly rF+ Dex+4}
   (You found it on level 6 of the Dungeon)

   It inflicts extra damage upon your enemies.
   Dex:       It affects your dexterity (+4).
   rF:        It protects you from fire.
   Fly:       It grants you flight.
Missiles
 a - 6 large rocks
 d - 6 silver javelins (quivered)
 u - 40 poisoned darts
 A - 5 datura-tipped darts
Armour
 s - a +0 cloak (worn)
 C - the +2 robe "Xumm" {rF+}
   (You found it on level 4 of the Dungeon)

   rF:        It protects you from fire.
 E - a +2 robe of willpower (worn)
Jewellery
 b - an amulet of the acrobat (around neck)
 m - a ring of positive energy (right claw)
 q - a ring of resist corrosion (left claw)
 r - a ring of see invisible
 x - a ring of flight
 G - a ring of fire
Wands
 w - a wand of paralysis (11)
 B - a wand of polymorph (9)
Scrolls
 f - 7 scrolls of identify {unknown}
 g - 9 scrolls of teleportation {unknown}
 h - 2 scrolls of brand weapon {unknown}
 o - 3 scrolls of amnesia {unknown}
 y - a scroll of blinking {unknown}
 D - 3 scrolls of fog {unknown}
Potions
 c - 3 potions of heal wounds {unknown}
 e - a potion of degeneration {unknown}
 i - a potion of haste {unknown}
 j - 2 potions of ambrosia {unknown}
 k - 3 potions of mutation {unknown}
 l - a potion of invisibility {unknown}
 n - a potion of flight {unknown}
 p - 6 potions of curing {unknown}
 t - 3 potions of lignification
 F - a potion of berserk rage {unknown}
 H - 2 potions of attraction {unknown}


   Skills:
 - Level 2.4 Fighting
 - Level 2.4 Dodging
 - Level 1.0 Stealth
 + Level 16.0 Unarmed Combat


You had 9 spell levels left.
You didn't know any spells.
Your spell library contained the following spells:

 Spells                   Type           Power      Damage    Failure   Level
 Sandblast                Erth           0%         2d4       45%         1
 Blink                    Tloc           N/A        N/A       58%         2
 Passwall                 Tmut/Erth      0%         N/A       58%         2
 Static Discharge         Conj/Air       0%         N/A       58%         2
 Call Canine Familiar     Summ           0%         N/A       83%         3
 Ignite Poison            Fire/Tmut/Pois 0%         N/A       83%         3
 Mephitic Cloud           Conj/Pois/Air  0%         N/A       83%         3
 Portal Projectile        Hex/Tloc       0%         N/A       83%         3
 Leda's Liquefaction      Hex/Erth       0%         N/A       99%         4
 Bolt of Magma            Conj/Fire/Erth 0%         4d4       100%        5
 Lee's Rapid Deconstruct  Erth           0%         3d5*      100%        5
 Lightning Bolt           Conj/Air       0%         1d11      100%        5
 Manifold Assault         Tloc           0%         N/A       100%        5
 Storm Form               Tmut/Air       0%         N/A       100%        7
 Maxwell's Capacitive Co  Air            0%         ∞         100%        8


Dungeon Overview and Level Annotations

Branches:
Dungeon (9/15)             Temple (1/1) D:4            Lair (0/6) D:9
    Orc (0/2) D:9

Altars:
Ashenzari
Cheibriados
Dithmenos
Elyvilon
Fedhas
Gozag
Hepliaklqana
Kikubaaqudgha
Makhleb
Nemelex Xobeh
Okawaru
Qazlal
Ru
Sif Muna
Trog
Uskayaw
Vehumet
Wu Jian
Xom
Yredelemnul
Zin
The Shining One
Beogh

Shops:
D:4 (

Annotations:
D:9 exclusion: orange crystal statue, robertstho's ghost, novice OpBe


Innate Abilities, Weirdness & Mutations

You are too large for most types of armour.
You have claws for hands.
Your natural rate of healing is unusually fast.
You are covered in fur. (AC +1)
You have tough skin. (AC +1)


Message History

Unknown command.
You scratch the wolf.
The wolf is moderately wounded.
The wolf bites you!
The spriggan hits you from afar with a +0 spear!
The wolf bites you!
You barely miss the wolf.
The wolf is moderately wounded.
The wolf closely misses you.
The spriggan hits you from afar with a +0 spear!
Unknown command.
You are too injured to fight recklessly!
Unknown command.
You are too injured to fight recklessly!
You are too injured to fight recklessly!
The wolf bites you. The wolf misses you. The spriggan closely misses you.
Robertstho's ghost shrieks, "To die, to sleep, no more."
The wolf completely misses you. The spriggan closely misses you. x2
The wolf completely misses you. The wolf completely misses you.
The spriggan completely misses you.
The spriggan hits you from afar with a +0 spear.
The wolf bites you!
The spriggan hits you from afar with a +0 trident!
* * * LOW HITPOINT WARNING * * *
The wolf bites you.
* * * LOW HITPOINT WARNING * * *
The spriggan hits you from afar with a +0 spear!
* * * LOW HITPOINT WARNING * * *
The wolf completely misses you.
The spriggan hits you from afar with the +4 spear "Conik" {freeze, +Blink rCorr Int-4}.
* * * LOW HITPOINT WARNING * * *
The spriggan freezes you.
* * * LOW HITPOINT WARNING * * *
There is a stone staircase leading up here.
The wolf closely misses you.
The spriggan hits you from afar with a +0 trident.
* * * LOW HITPOINT WARNING * * *
The spriggan hits you from afar with a +0 spear!
You die...

..####..............##...........
..# #...............#...........
..# #.........##.....#.##.......
######.........##.......#........
........................#........
........#...............#........
........#...............##.......
........#.........i.....##......#
................@hi.........♣♣♣♣)
..................i)........♣[.♣♣
#...........................#♣♣..
#.###...#.......###.........⌠#W..
..# #...#.......# #....###...#♣..
..# #...#.......# #....# #...'.♣h
..# #...#.......# #....# ##..#...
..# #.[.######### #....# #.⌠#♣..
..###...# #....# #.#♣:.♣


You could see 3 spriggans and a wolf.

Vanquished Creatures
  3 death yaks
  3 centaur zombies
  A freezing wraith (D:9)
  Grinder (D:5)
  4 yaks (D:7)
  Eustachio (D:5)
  Edmund (D:4)
  Duvessa (D:4)
  A water moccasin (D:8)
  An ice beast (D:8)
  3 orc warriors
  A hornet zombie (D:8)
  2 ogres
  4 sky beasts
  2 necrophages
  2 centaurs
  A phantom (D:6)
  A kobold brigand (D:9)
  Blork the orc (D:4)
  A bullfrog (D:9)
  Dowan (D:4)
  A scorpion (D:4)
  A wyvern skeleton (D:5)
  A water moccasin skeleton (D:6)
  4 howler monkeys
  4 wights (D:8)
  3 electric eels (D:8)
  A bullfrog zombie (D:7)
  A jelly (D:7)
  2 hounds
  Crazy Yiuf (D:5)
  3 bullfrog skeletons
  6 orc priests
  A centaur skeleton (D:4)
  3 iguanas
  11 orc wizards
  A scorpion zombie (D:5)
  2 killer bee zombies (D:7)
  2 howler monkey skeletons
  12 adders
  2 white imps
  An adder skeleton (D:2)
  2 dart slugs (D:4)
  34 orcs
  4 ball pythons
  6 bats
  5 endoplasms
  A giant cockroach (D:2)
  3 goblins
  9 hobgoblins
  2 jackals (D:1)
  5 quokkas
  A frilled lizard (D:3)
  8 kobolds
  8 rats
187 creatures vanquished.

Vanquished Creatures (others)
  A fungus (D:9)
  11 plants
12 creatures vanquished.

Grand Total: 199 creatures vanquished

Notes
Turn   | Place    | Note
-------+----------+-------------------------------------------
     0 | D:1      | sasquatch the Troll Monk began the quest for the Orb.
     0 | D:1      | Reached XP level 1. HP: 22/22 MP: 0/0
   176 | D:1      | Reached XP level 2. HP: 29/29 MP: 1/1
   460 | D:1      | Reached skill level 4 in Unarmed Combat
   838 | D:1      | Found a faded altar of an unknown god.
  1006 | D:2      | Reached XP level 3. HP: 36/36 MP: 2/2
  1520 | D:3      | Reached skill level 5 in Unarmed Combat
  1520 | D:3      | Reached XP level 4. HP: 44/44 MP: 3/3
  1659 | D:3      | You fall into a shaft and drop 2 floors!
  1659 | D:5      | Entered Level 5 of the Dungeon
  1692 | D:5      | Noticed Grinder
  1721 | D:5      | Paralysed by Grinder for 7 turns
  1729 | D:5      | Killed Grinder
  1730 | D:5      | Reached skill level 6 in Unarmed Combat
  1730 | D:5      | Reached XP level 5. HP: 16/50 MP: 4/4
  1730 | D:5      | Reached XP level 6. HP: 19/59 MP: 5/5
  1816 | D:5      | Reached skill level 7 in Unarmed Combat
  1999 | D:5      | Noticed a sky beast
  2006 | D:5      | Killed a sky beast
  2007 | D:5      | Reached skill level 8 in Unarmed Combat
  2007 | D:5      | Reached XP level 7. HP: 42/66 MP: 6/6
  2012 | D:5      | Noticed Eustachio
  2019 | D:5      | Killed Eustachio
  2020 | D:5      | Reached skill level 9 in Unarmed Combat
  2190 | D:5      | Found a runed translucent door.
  2191 | D:5      | Noticed Crazy Yiuf
  2197 | D:5      | Killed Crazy Yiuf
  2525 | D:6      | Reached XP level 8. HP: 72/74 MP: 7/7
  2798 | D:6      | Reached skill level 10 in Unarmed Combat
  2892 | D:6      | Identified the +5 dagger of Naoneyco {vorpal, Fly rF+
                  | Dex+4}
  3155 | D:4      | Noticed Blork the orc
  3190 | D:4      | Found a staircase to the Ecumenical Temple.
  3195 | D:4      | Killed Blork the orc
  3196 | D:4      | Reached skill level 11 in Unarmed Combat
  3383 | D:4      | Found a snail-covered altar of Cheibriados.
  3383 | D:4      | Found a blossoming altar of Fedhas.
  3383 | D:4      | Found a glowing golden altar of the Shining One.
  3383 | D:4      | Found an opulent altar of Gozag.
  3383 | D:4      | Noticed Edmund
  3385 | D:4      | Noticed Dowan
  3397 | D:4      | Killed Edmund
  3656 | D:4      | Identified the +2 robe "Xumm" {rF+}
  3994 | D:3      | Found a glowing silver altar of Zin.
  4327 | D:4      | Found Betot's Weapon Emporium.
  4336 | D:4      | Noticed Duvessa
  4350 | D:4      | Killed Duvessa
  4373 | D:4      | Killed Dowan
  4374 | D:4      | Reached XP level 9. HP: 41/80 MP: 8/8
  4474 | D:4      | Reached skill level 12 in Unarmed Combat
  4570 | Temple   | Entered the Ecumenical Temple
  4664 | Temple   | Became a worshipper of Uskayaw the Reveller
  4664 | Temple   | Reached * piety under Uskayaw
  5142 | D:7      | Reached ** piety under Uskayaw
  5144 | D:7      | Reached *** piety under Uskayaw
  5150 | D:7      | Reached **** piety under Uskayaw
  5158 | D:7      | Reached ***** piety under Uskayaw
  5342 | D:7      | Reached skill level 13 in Unarmed Combat
  6015 | D:8      | Reached skill level 14 in Unarmed Combat
  6103 | D:8      | Reached XP level 10. HP: 85/88 MP: 9/9
  6828 | D:9      | Noticed a death yak
  6828 | D:9      | Noticed a death yak
  6830 | D:9      | Noticed a death yak
  6867 | D:8      | Killed a death yak
  6868 | D:8      | Reached skill level 15 in Unarmed Combat
  7027 | D:9      | Found a runed translucent door.
  7029 | D:9      | Identified the +4 spear "Conik" {freeze, +Blink rCorr
                  | Int-4}
  7030 | D:9      | Noticed robertstho's ghost (novice OpBe)
  7067 | D:9      | Found a staircase to the Lair.
  7099 | D:9      | Killed a death yak
  7295 | D:9      | Noticed an orange crystal statue
  7321 | D:9      | Found a staircase to the Orcish Mines.
  7561 | D:9      | Killed a death yak
  7562 | D:9      | Reached skill level 16 in Unarmed Combat
  7637 | D:9      | Mangled by a spriggan

Illustrated notes

Levels and vault maps discovered:
D:1:      dpeg_arrival_round_c, layout_loops_ring,
          shapermc_ecumenical_altar_hornbeckon, serial_forest,
          infiniplex_forest_end_double, infiniplex_forest_clump_diagonal,
          infiniplex_forest_straight_4, infiniplex_forest_corner_1,
          infiniplex_forest_lined_ring, infiniplex_forest_zigzag_2,
          infiniplex_forest_clump_curved, infiniplex_forest_lined_2
D:2:      layout_basic, minmay_circle_x
D:3:      layout_loops_ring, lemuel_doored_altar,
          amcnicky_mini_rare_corridor_liquid
D:4:      layout_loops_ring, nicolae_overflow_hidden_temple,
          minmay_temple_entry_waves, serial_shops, kennysheep_little_box,
          minmay_misc_feat_ornament, kennysheep_generic_room_14,
          uniq_blork_the_orc, uniq_duvessa, uniq_edmund
D:5:      layout_rooms, uniq_eustachio, uniq_crazy_yiuf_cottage, uniq_grinder
D:6:      layout_basic
D:7:      layout_basic
D:8:      layout_gridville, grunt_ministairs_13, minivault_1,
          chequers_big_river, chequers_serial_rivers_micro_d
D:9:      layout_basic, dpeg_lair_monsters, minmay_orc_entry_temple_small,
          ebering_ghost_funeral_grove, minivault_16, hive_lemuel
Temple:   minmay_temple_bridge_d

Skill      XL: |  1  2  3  4  5  6  7  8  9 10 |
---------------+-------------------------------+-----
Unarmed Combat | 4 5 6 8 9 11 14 16 | 16.0
Fighting       | |  2.4
Dodging        | |  2.4
Stealth        | |  1.0

Action                   |  1- 3 |  4- 6 |  7- 9 | 10-12 || total
-------------------------+-------+-------+-------+-------++-------
Melee: Unarmed           |    74 |    43 |   262 |   139 ||   518
       Punch             |     1 |     1 |    15 |    11 ||    28
Invok: Line Pass         |       |       |       |     1 ||     1
 Stab: Sleeping          |     4 |       |     6 |       ||    10
       Paralysed         |       |       |     4 |     6 ||    10
Armor: Robe              |    29 |     9 |    57 |    46 ||   141
Dodge: Dodged            |    39 |    22 |   115 |    91 ||   267
